 Dungeon Crawl Stone Soup version 0.27.0-1-g7a089689b8 (webtiles) character file.

Game seed: 1920684841115936114

117 Anothat the Skirmisher (level 4, 0/41 HPs)
             Began as a Minotaur Fighter on July 31, 2021.
             Slain by Jessica (6 damage)
             ... on level 3 of the Dungeon.
             The game lasted 00:02:57 (1919 turns).

Anothat the Skirmisher (Minotaur Fighter)           Turns: 1919, Time: 00:02:57

Health: 0/41       AC:  9    Str: 21    XL:     4   Next: 71%
Magic:  3/3        EV:  5    Int:  5    God:
Gold:   56         SH:  9    Dex: 10    Spells: 3/3 levels left

rFire    . . .     SeeInvis .   a - +0 war axe
rCold    . . .     Faith    .   c - +0 kite shield
rNeg     . . .     Spirit   .   h - +0 chain mail
rPois    .         Reflect  .   (helmet restricted)
rElec    .         Harm     .   (no cloak)
rCorr    .         Rampage  .   (no gloves)
Will     .....                  (no boots)
Stlth    ..........             (no amulet)
HPRegen  0.13/turn              (no ring)
MPRegen  0.08/turn              (no ring)

@: no status effects
A: horns 2, retaliatory headbutt
a: no special abilities


You were on level 3 of the Dungeon.
You visited 1 branch of the dungeon, and saw 3 of its levels.

You collected 80 gold pieces.
You spent 24 gold pieces at shops.

Inventory:

Hand Weapons
 a - a +0 war axe (weapon)
Armour
 b - a +0 scale mail
 c - a +0 kite shield (worn)
 h - a +0 chain mail (worn)
Jewellery
 j - an amulet of magic regeneration
 k - a +6 ring of dexterity
Wands
 l - a wand of digging (4)
Scrolls
 e - 2 scrolls of teleportation {unknown}
 f - a scroll of holy word {unknown}
 i - a scroll of vulnerability {unknown}
 m - a scroll of identify
 n - a scroll of noise {unknown}
Potions
 d - a potion of might
 g - a potion of lignification {unknown}
 o - a potion of curing


   Skills:
 + Level 4.4 Fighting
 * Level 4.2 Axes
 + Level 4.3 Armour
 + Level 4.3 Shields


You had 3 spell levels left.
You didn't know any spells.
Your spell library contained the following spells:

 Spells                   Type           Power      Damage    Failure   Level
 Sting                    Tmut/Pois      0%         1d3       100%        1
 Poisonous Vapours        Pois/Air       0%         N/A       100%        2
 Tukima's Dance           Hex            0%         N/A       100%        3
 Animate Armour           Summ/Erth      0%         N/A       100%        4
 Olgreb's Toxic Radiance  Pois           0%         N/A       100%        4
 Passage of Golubria      Tloc           N/A        N/A       100%        4
 Blade Hands              Tmut           0%         N/A       100%        5
 Yara's Violent Unravell  Hex/Tmut       0%         3d3       100%        5
 Iron Shot                Conj/Erth      0%         9d1       100%        6


Dungeon Overview and Level Annotations

Branches:
Dungeon (3/15)

Altars:

Shops:
D:2 ?

Annotations:
D:3 Jessica


Innate Abilities, Weirdness & Mutations

You have a pair of horns on your head.
You reflexively headbutt those who attack you in melee.


Message History

Jessica gestures wildly while chanting.
Jessica seems to speed up.
You hear an angry hiss.
An adder comes into view.
Found a runed falchion.
Okay, then.
You block Jessica's attack.
You hit Jessica. You headbutt Jessica.
Jessica is severely wounded.
You closely miss the adder. Jessica casts a spell at you.
Pain shoots through your body! You block the adder's attack.
Jessica drinks a potion.
Jessica seems to grow stronger.
The adder bites you but does no damage.
You hit Jessica but do no damage.
Jessica is severely wounded.
You hit the adder. Jessica barely misses you. The adder barely misses you.
Jessica hits you with a +4 spectral club.
You block the adder's attack.
Your shield and chain mail prevent you from hitting Jessica.
Jessica is severely wounded.
You closely miss the adder. Jessica gestures at you while chanting.
Pain shoots through your body! The adder bites you but does no damage.
Jessica hits you with a +4 spectral club!
* * * LOW HITPOINT WARNING * * *
The adder bites you.
* * * LOW HITPOINT WARNING * * *
You are poisoned.
The adder poisons you!
It was a potion of curing.
You feel better. Jessica barely misses you.
The adder bites you but does no damage. You block Jessica's attack.
You hit Jessica.
Jessica is almost dead.
You block Jessica's attack.
Jessica shouts, "Stop bothering me, or I'll kill you!"
Jessica hits you with a +4 spectral club!
* * * LOW HITPOINT WARNING * * *
Jessica hits you with a +4 spectral club.
You die...

###########
########..@S.....#
.........@#)####.#
......#..###.#
####...## #.#
#..## #.. # #...##
...
#.##.####....##
..# #....
......[.......# .#
#.#.#
#######.#...##.#
#.#.. #.#.#.# ##
#<#.#


You could see an adder and Jessica (fast, strong).

Vanquished Creatures
  An orc priest (D:3)
  An orc wizard (D:3)
  A worm (D:2)
  A dart slug (D:1)
  5 orcs (D:3)
  2 ball pythons
  6 endoplasms
  A giant cockroach (D:2)
  A goblin (D:1)
  3 hobgoblins
  7 jackals
  A quokka (D:2)
  7 bats
  A frilled lizard (D:1)
  6 kobolds
  8 rats
52 creatures vanquished.

Notes
Turn   | Place    | Note
-------+----------+-------------------------------------------
     0 | D:1      | Anothat the Minotaur Fighter began the quest for the Orb.
     0 | D:1      | Reached XP level 1. HP: 19/19 MP: 0/0
   246 | D:1      | Reached XP level 2. HP: 27/27 MP: 1/1
  1013 | D:2      | Reached XP level 3. HP: 31/33 MP: 2/2
  1172 | D:2      | Found Ficukumo's Magic Scroll Shoppe.
  1220 | D:2      | Bought a scroll of identify for 24 gold pieces
  1405 | D:2      | Found a faded altar of an unknown god.
  1584 | D:3      | Reached XP level 4. HP: 40/40 MP: 3/3
  1910 | D:3      | Noticed Jessica
  1919 | D:3      | Slain by Jessica

Illustrated notes

Levels and vault maps discovered:
D:1:      minmay_arrival_five_plusses, layout_loops_ring
D:2:      layout_rooms, hellmonk_ecumenical_altar_inner_sanctum, serial_shops,
          shop, nrook_uturn
D:3:      layout_loops_ring, uniq_jessica

Skill      XL: |  1  2  3  4 |
---------------+-------------+-----
Axes           | 3 4 |  4.2
Armour         | 4 |  4.3
Fighting       | 4 |  4.4
Shields        | 4 |  4.3

Action                   |  1- 3 |  4- 6 || total
-------------------------+-------+-------++-------
Melee: War axe           |    95 |    34 ||   129
       Headbutt          |     9 |     8 ||    17
  Use: Potion            |       |     1 ||     1
Armor: Scale mail        |    26 |       ||    26
       Chain mail        |    34 |    13 ||    47
Dodge: Dodged            |    22 |     9 ||    31
Block: Kite shield       |    63 |    20 ||    83
